 Dungeon Crawl Stone Soup version 0.17-a0-1011-gfa70bdd (webtiles) character file.

201197 onwiheg the Executioner (level 18, -6/184 HPs)
             Began as a Hill Orc Berserker on Apr 23, 2015.
             Was the Champion of Trog.
             Shot with an arrow of flame by a satyr (9 damage)
             ... on level 5 of the Shoals on May 13, 2015.
             The game lasted 03:22:42 (38034 turns).

onwiheg the Executioner (Hill Orc Berserker)       Turns: 38034, Time: 03:22:42

Health: -6/184     AC: 31    Str: 28    XL:     18   Next: 53%
Magic:  0/18       EV: 10    Int:  7    God:    Trog [******]
Gold:   1403       SH:  0    Dex: 10    Spells: 0 memorised, 17 levels left

rFire  . . .     SeeInvis .     d - +5 executioner's axe (freeze)
rCold  . . .     Clarity  .     C - +4 chain mail {MR+}
rNeg   . . .     SustAb   .     (no shield)
rPois  .         Gourm    .     M - +2 helmet
rElec  .         Spirit   +     s - +0 cloak
rCorr  .         Warding  .     B - +1 pair of gloves
rMut   .         Stasis   .     (no boots)
MR     ++++.                    X - amulet of guardian spirit
Stlth  ..........               i - +5 ring of slaying
                                p - +4 ring of protection

@: lethally poisoned (-6 -> -6), regenerating, incredibly resistant to hostile
enchantments, extremely unstealthy
A: no striking features
a: Burn Spellbooks, Berserk, Trog's Hand, Brothers in Arms, Renounce Religion
}: 1/15 runes: barnacled


You were on level 5 of the Shoals.
You worshipped Trog.
Trog was exalted by your worship.
You were very hungry.

You visited 4 branches of the dungeon, and saw 32 of its levels.
You also visited: Ice Cave and Volcano.

You collected 3865 gold pieces.
You spent 2462 gold pieces at shops.

Inventory:

Hand weapons
 a - a +0 blowgun
 d - a +5 executioner's axe of freezing (weapon)
 k - the +2 executioner's axe of Amortisation {chop, rC++}
   (Trog gifted it to you on level 3 of the Orcish Mines)

   It inflicts extra damage upon your enemies.
   It greatly protects you from cold.
 J - the +4 falchion of Conformity {vamp, -Tele rElec rPois Int+3, unknown}
   (You took it off a merfolk javelineer on level 3 of the Shoals)

   It inflicts no extra harm, but heals its wielder somewhat when it strikes a
   living foe.
   It affects your intelligence (+3).
   It insulates you from electricity.
   It protects you from poison.
   It prevents most forms of teleportation.
 S - a +3 broad axe of flaming
Missiles
 b - 6 curare-tipped needles
 e - 56 poisoned needles
Armour
 s - a +0 cloak (worn)
 B - a +1 pair of gloves (worn)
 C - a +4 chain mail of magic resistance (worn)
 M - a +2 helmet (worn)
Jewellery
 c - an uncursed ring of protection from cold
 i - a +5 ring of slaying (right hand)
 p - a +4 ring of protection (left hand)
 w - an uncursed ring of protection from fire
 X - an amulet of guardian spirit (around neck)
Magical devices
 l - a wand of fireball (3)
 m - a wand of digging (10)
 q - a wand of heal wounds (2)
 t - a wand of confusion (23)
 x - a wand of fireball (6)
 A - a wand of draining (7)
 D - a wand of slowing (31)
 F - a wand of draining (11)
 K - a wand of cold (4)
 N - a wand of teleportation (2)
 O - a wand of teleportation (3)
 P - a wand of draining (9)
Scrolls
 n - 6 scrolls of fog
 o - 6 scrolls of blinking
 r - a scroll of enchant weapon
 u - a scroll of noise
 y - 6 scrolls of magic mapping
 E - 7 scrolls of teleportation
 G - 2 scrolls of recharging
 H - a scroll of acquirement
 I - 2 scrolls of immolation
 R - a scroll of remove curse
 U - 2 scrolls of identify
 Y - a scroll of silence {unknown}
Potions
 g - 4 potions of agility
 h - 2 potions of haste
 j - 11 potions of curing
 z - 3 potions of might
 L - a potion of resistance
 Q - a potion of brilliance {unknown}
 T - a potion of mutation {unknown}
Books
 v - a book of Air

   Spells                             Type                      Level
   a - Shock                          Conjuration/Air              1
   b - Swiftness                      Charms/Air                   2
   c - Repel Missiles                 Charms/Air                   2
   d - Flight                         Charms/Air                   3
   e - Static Discharge               Conjuration/Air              3
   f - Lightning Bolt                 Conjuration/Air              5
   Trog disapproves of the use of such an item.
Comestibles
 f - 10 bread rations
 V - 3 fruits


   Skills:
 - Level 22.0 Fighting
 + Level 22.3 Axes
 - Level 19.0 Armour
 - Level 1.5 Dodging


You had 17 spell levels left.
You didn't know any spells.

Dungeon Overview and Level Annotations

Branches:
Dungeon (15/15)            Temple (0/1) D:7            Lair (8/8) D:10
 Shoals (5/5) Lair:6        Snake (0/5) Lair:4        Slime (0/6) Lair:6
    Orc (4/4) D:10            Elf (0/3) Orc:4        Vaults (0/5) D:13
 Depths (0/5) D:15

Altars:
Dithmenos
Elyvilon
Fedhas
Kikubaaqudgha
Makhleb
Nemelex Xobeh
Okawaru
Qazlal
Ru
Sif Muna
Trog
Vehumet
Yredelemnul
Zin
The Shining One

Shops:
D:5 (   D:8 :   D:10 ([   D:13 :   D:15 *   Orc:1 *   Orc:4 }:[*(*=
Shoals:5 (

Annotations:
D:5 pikel
D:8 exclusions: oklob plant and 1 more exclusion
Shoals:5 exclusion: Roxanne, Roxanne


Message History

You resist with almost no effort.
The faun shoots a sling bullet.
The sling bullet closely misses you.
The faun points at you and mumbles some strange words.
You resist with almost no effort.
You see here a sling bullet.
The satyr shoots an arrow of flame.
The arrow of flame hits you!!
* * * LOW HITPOINT WARNING * * *
The arrow of flame burns you.
* * * LOW HITPOINT WARNING * * *
You see here an arrow of flame.
You see here a sling bullet.
You feel sick.
The satyr plays a rousing melody on his pipes!
The faun is stirred to greatness!
You slice the satyr!! You freeze the satyr.
The satyr is heavily wounded.
The satyr shoots an arrow of flame.
The arrow of flame hits you!!
* * * LOW HITPOINT WARNING * * *
The arrow of flame burns you!
You die...

.....≈≈≈≈≈.≈≈.........≈≈≈≈≈≈.≈≈≈≈
..≈≈.≈≈≈≈...........≈≈≈)≈≈≈≈≈≈≈≈≈
..≈≈≈≈≈.......((((≈)()≈≈≈≈≈≈≈≈≈≈≈
....≈≈≈..........≈≈≈≈≈≈≈≈≈≈≈≈≈≈≈≈
≈.≈..≈≈...........≈(≈≈≈§≈≈≈≈≈≈≈≈≈
....≈≈≈≈.......c..(≈≈≈≈≈≈≈≈≈≈≈≈≈≈
...≈≈≈≈≈≈.......(((≈≈)§≈≈≈≈≈≈≈≈≈≈
...≈≈.≈≈≈....c)c######≈≈≈≈≈≈≈≈≈≈≈
.≈....≈≈≈≈≈≈...#@((.≈##≈≈≈≈≈≈≈≈≈≈
...###.≈≈≈≈).)#.#.(..≈##≈≈≈≈≈≈≈≈
...###..≈≈≈≈≈#.#..≈#..≈#≈≈≈≈≈≈≈
≈.....≈≈≈≈≈))#...≈≈≈≈.≈#≈≈≈≈≈≈
....≈≈≈≈≈≈≈≈)#..≈≈##≈.≈# ≈≈≈≈
....≈≈≈≈≈≈≈..#..#≈# ..≈# ≈≈≈
≈≈≈≈≈≈≈≈≈≈≈..#≈..≈≈.)#≈#
≈≈≈≈≈≈≈≈≈≈≈≈.##≈....#≈##
≈≈≈≈≈≈≈≈≈≈≈≈≈≈##≈≈≈≈≈#


You could see a satyr and 2 fauns.

Vanquished Creatures
  Nikola (Shoals:1)
  Jorgrun (Shoals:2)
  Rupert (D:15)
  An octopode crusher (Shoals:3)
  A kraken (Shoals:5)
  A frost giant (IceCv)
  A stone giant (Orc:4)
  6 dire elephants (Lair:8)
  Snorg (Lair:4)
  3 ettins (Orc:4)
  4 merfolk javelineers
  A fire dragon (D:15)
  14 merfolk impalers
  Josephine (D:11)
  4 vault guards (D:13)
  An ice dragon (D:15)
  Fannar (Orc:1)
  7 hydras
  Harold (Lair:2)
  5 merfolk avatars
  Erica (D:8)
  A catoblepas (D:15)
  An anaconda (Lair:8)
  An alligator snapping turtle (Shoals:2)
  2 centaur warriors
  8 merfolk aquamancers
  An ogre mage (D:15)
  5 death yaks
  2 satyrs (Shoals:3)
  Urug (Orc:1)
  2 spriggans
  2 unseen horrors
  20 sea snakes
  3 hill giants
  A fire crab (Lair:8)
  An ice statue (IceCv)
  2 orc knights
  5 harpies
  11 fauns
  A wolf spider zombie (D:13)
  A harpy (shapeshifter) (D:15)
  11 manticores
  7 ugly things
  13 cyclopes
  6 water nymphs
  An orc sorcerer (Orc:3)
  13 griffons
  6 centaur zombies
  A drowned soul (Shoals:3)
  21 elephants
  Joseph (D:8)
  13 sirens
  15 spiny frogs
  4 black mambas
  An orange demon (D:15)
  4 fire drakes
  5 centaur skeletons
  3 gargoyles
  3 kobold demonologists
  2 efreet (D:15)
  13 komodo dragons
  47 merfolk
  4 slime creatures (D:12)
  16 polar bears (IceCv)
  A harpy skeleton (D:14)
  3 wind drakes
  Grinder (D:4)
  A tengu conjurer (D:13)
  A queen bee (Lair:1)
  A two-headed ogre (D:15)
  7 trolls
  A trapdoor spider zombie (D:13)
  9 blink frogs (Lair:7)
  2 flying skulls (Volcano)
  Sigmund (D:3)
  17 water elementals
  A chaos spawn (D:15)
  64 yaks
  15 snapping turtles
  4 deep elf magi
  7 wraiths
  3 vampires (Volcano)
  A fire elemental (Lair:5)
  17 hippogriffs
  2 wandering mushrooms (D:8)
  6 wyverns
  2 hungry ghosts
  A basilisk (Lair:7)
  5 wargs
  2 mottled dragons
  Menkaure (D:5)
  26 wolves
  3 vampire mosquitoes (D:12)
  3 nagas (Lair:4)
  A swamp drake (D:9)
  Duvessa (D:4)
  4 black bears
  3 sky beasts
  16 orc warriors
  4 wasps
  16 water moccasins
  7 ice beasts
  2 phantoms
  2 slaves (D:5)
  16 porcupines
  3 necrophages
  18 crocodiles
  17 ogres
  15 centaurs
  A removed MONS_BORING_BEETLE (Lair:7)
  4 big kobolds
  A brain worm (D:6)
  32 giant frogs
  2 wyvern skeletons
  4 scorpions
  Dowan (D:4)
  27 killer bees
  5 wights (D:15)
  A giant frog zombie (D:8)
  2 quasits
  8 crimson imps
  A wasp zombie (D:12)
  A gnoll shaman (D:9)
  An iron imp (D:15)
  10 orc priests
  4 jellies
  Crazy Yiuf (D:4)
  9 hounds
  3 giant frog skeletons
  8 iguanas
  22 orc wizards
  4 worker ants
  41 sheep
  4 hound skeletons
  A hound zombie (D:5)
  A mummy (Volcano)
  A worker ant zombie (D:5)
  11 adders
  11 gnolls
  3 shadow imps
  71 river rats
  14 white imps
  2 ufetubi (D:15)
  An adder skeleton (D:4)
  2 worms
  5 giant geckos
  148 orcs
  6 giant cockroaches
  17 goblins
  20 hobgoblins
  15 jackals
  5 quokkas
  2 ball pythons
  A ball python skeleton (D:5)
  11 bats
  A giant cockroach zombie (D:5)
  8 giant newts
  2 giant spores
  17 kobolds
  14 rats
  3 ballistomycetes
  15 fungi
  25 plants
1301 creatures vanquished.

Vanquished Creatures (collateral kills)
  Ilsuiw (Shoals:5)
  A merfolk impaler (Shoals:5)
  2 merfolk aquamancers (Shoals:5)
  A merfolk (Shoals:5)
  3 water elementals (Shoals:5)
8 creatures vanquished.

Vanquished Creatures (others)
  3 drowned souls
  A wolf (IceCv)
  A yak (IceCv)
  A bush (Lair:8)
  3 fungi
  11 plants
  8 tentacles (Shoals:3)
  343 tentacle segments (Shoals:3)
371 creatures vanquished.

Grand Total: 1680 creatures vanquished

Notes
Turn   | Place    | Note
--------------------------------------------------------------
     0 | D:1      | onwiheg, the Hill Orc Berserker, began the quest for the Orb.
     0 | D:1      | Reached XP level 1. HP: 19/19 MP: 1/1
   140 | D:1      | Reached XP level 2. HP: 19/26 MP: 2/2
   367 | D:1      | Reached skill level 5 in Axes
   436 | D:1      | Acquired Trog's second power
   647 | D:1      | Reached XP level 3. HP: 22/31 MP: 3/3
   960 | D:2      | Found a stormy altar of Qazlal.
  1160 | D:2      | Reached skill level 6 in Axes
  1478 | D:2      | Reached XP level 4. HP: 35/39 MP: 4/4
  2112 | D:3      | Found a bloodstained altar of Trog.
  2192 | D:3      | Reached skill level 7 in Axes
  2198 | D:3      | Reached XP level 5. HP: 26/45 MP: 5/5
  2286 | D:3      | Noticed Sigmund
  2430 | D:3      | Reached skill level 8 in Axes
  2722 | D:3      | Reached XP level 6. HP: 37/51 MP: 6/6
  3098 | D:4      | Found a sacrificial altar of Ru.
  3133 | D:4      | Reached skill level 9 in Axes
  3226 | D:4      | Found a sparkling altar of Nemelex Xobeh.
  3242 | D:4      | Noticed Grinder
  3259 | D:4      | Killed Grinder
  3259 | D:4      | Reached skill level 10 in Axes
  3259 | D:4      | Reached XP level 7. HP: 49/57 MP: 7/7
  3697 | D:4      | Acquired Trog's third power
  3703 | D:4      | Found a radiant altar of Vehumet.
  3710 | D:4      | Found a shadowy altar of Dithmenos.
  3720 | D:4      | Found a white marble altar of Elyvilon.
  3727 | D:4      | Found a glowing silver altar of Zin.
  3734 | D:4      | Found a deep blue altar of Sif Muna.
  3739 | D:4      | Found a glowing golden altar of the Shining One.
  3751 | D:4      | Found an ancient bone altar of Kikubaaqudgha.
  3842 | D:4      | Reached skill level 11 in Axes
  4001 | D:4      | Noticed Dowan
  4044 | D:4      | Killed Dowan
  4129 | D:4      | Reached XP level 8. HP: 64/64 MP: 8/8
  4359 | D:4      | Noticed Duvessa
  4380 | D:4      | Killed Duvessa
  4380 | D:4      | Reached skill level 12 in Axes
  4447 | D:4      | Noticed Crazy Yiuf
  4458 | D:4      | Killed Crazy Yiuf
  4497 | D:5      | Entered Level 5 of the Dungeon
  5009 | D:5      | Found Moeci's Weapon Boutique.
  5159 | D:5      | Noticed Menkaure
  5166 | D:5      | Killed Menkaure
  5166 | D:5      | Reached skill level 13 in Axes
  5650 | D:5      | Found a burning altar of Makhleb.
  5893 | D:6      | Reached skill level 14 in Axes
  5981 | D:6      | Reached XP level 9. HP: 60/70 MP: 9/9
  6300 | D:6      | Reached skill level 15 in Axes
  6571 | D:7      | Got a scorched leather armour
  6649 | D:7      | Reached skill level 16 in Axes
  6799 | D:7      | Found an iron altar of Okawaru.
  7006 | D:7      | Found a staircase to the Ecumenical Temple.
  7233 | D:5      | Bought a +3 broad axe of flaming for 314 gold pieces
  7245 | D:5      | Identified the +1 leather armour "Cekkuusch" {+Fly Int-5 Stlth+} (You found it on level 7 of the Dungeon)
  7521 | D:3      | Killed Sigmund
  7678 | D:7      | Reached XP level 10. HP: 77/77 MP: 10/10
  7731 | D:7      | Reached skill level 17 in Axes
  7841 | D:7      | Found a basalt altar of Yredelemnul.
  8000 | D:7      | Found a deep blue altar of Sif Muna.
  8245 | D:8      | Noticed Joseph
  8254 | D:8      | Killed Joseph
  8383 | D:8      | Reached skill level 18 in Axes
  8465 | D:8      | Found Saryatew's Book Shop.
  8488 | D:8      | Noticed Erica
  8498 | D:8      | Killed Erica
  8498 | D:8      | Reached skill level 5 in Armour
  8710 | D:8      | Found a blossoming altar of Fedhas.
  8724 | D:8      | Noticed an oklob plant
  9104 | D:9      | Got a transparent hand crossbow
  9392 | D:9      | Noticed Maurice
  9394 | D:9      | Noticed Maurice
  9394 | D:9      | Maurice changed into Maurice the swamp drake
  9401 | D:9      | Killed Maurice the swamp drake
  9505 | D:10     | Entered Level 10 of the Dungeon
  9505 | D:10     | Noticed a hill giant
  9512 | D:10     | Killed a hill giant
  9512 | D:10     | Reached XP level 11. HP: 82/82 MP: 11/11
  9513 | D:10     | Received a gift from Trog
  9810 | D:10     | Reached skill level 10 in Armour
  9819 | D:10     | Found Nelufe's Armour Emporium.
  9819 | D:10     | Found a staircase to the Orcish Mines.
  9821 | D:10     | Found Qaucuy's Weapon Emporium.
  9902 | D:10     | Noticed a cyclops
  9911 | D:10     | Reached skill level 5 in Fighting
  9930 | D:10     | Killed a cyclops
 10125 | D:10     | Noticed a hill giant
 10137 | D:10     | Killed a hill giant
 10251 | D:10     | Found a staircase to the Lair.
 10540 | Lair:1   | Entered Level 1 of the Lair of Beasts
 10658 | Lair:1   | Found a frozen archway.
 10896 | IceCv    | Entered an ice cave
 10905 | IceCv    | Reached skill level 10 in Fighting
 10905 | IceCv    | Reached XP level 12. HP: 82/106 MP: 12/12
 11058 | IceCv    | Noticed an ice statue
 11315 | IceCv    | Killed an ice statue
 11550 | IceCv    | Received a gift from Trog
 11836 | IceCv    | Noticed a death yak
 11856 | IceCv    | Killed a death yak
 12451 | IceCv    | Noticed a frost giant
 12469 | IceCv    | Killed a frost giant
 12697 | IceCv    | Identified the Tome of Lightness
 12765 | Lair:1   | Upgraded the game from 0.17-a0-764-gd40c196 to 0.17-a0-777-g32247ce
 12825 | Lair:1   | Reached skill level 15 in Fighting
 12825 | Lair:1   | Reached XP level 13. HP: 90/126 MP: 11/13
 12889 | Lair:1   | Identified the +2 hand crossbow of Broken Luck {velocity, rElec Dex+2} (You found it on level 9 of the Dungeon)
 13433 | Lair:1   | Received a gift from Trog
 13698 | Lair:2   | Found a dark tunnel.
 13734 | Volcano  | Entered a volcano
 14412 | Lair:2   | Noticed Harold
 14419 | Lair:2   | Killed Harold
 14964 | Lair:3   | Reached skill level 19 in Axes
 15027 | Lair:3   | Received a gift from Trog
 15028 | Lair:3   | Got a scorched hunting sling {god gift}
 15445 | Lair:4   | Found a staircase to the Shoals.
 15506 | Lair:4   | Found a staircase to the Snake Pit.
 15634 | Lair:4   | Noticed Snorg
 15645 | Lair:4   | Killed Snorg
 16076 | Lair:4   | Reached skill level 20 in Axes
 17567 | Lair:5   | Identified a scroll of acquirement
 17678 | Lair:6   | Found a staircase to the Slime Pits.
 17740 | Lair:6   | Reached XP level 14. HP: 135/135 MP: 14/14
 17811 | Lair:6   | Found a staircase to the Shoals.
 17954 | Lair:6   | Reached skill level 21 in Axes
 17970 | Lair:6   | Received a gift from Trog
 17982 | Lair:6   | Identified the +4 hunting sling "Waehap" {venom, rElec rPois Dex-5 SInv} (Trog gifted it to you on level 3 of the Lair of Beasts)
 18165 | Lair:1   | Identified a cursed +0 rod of shadows (14/14) (You found it on level 3 of the Lair of Beasts)
 19439 | Lair:7   | Received a gift from Trog
 19440 | Lair:7   | Got a smoking executioner's axe {god gift}
 19441 | Lair:7   | Identified the +2 executioner's axe of Ladeugi {antimagic, Str-3 Dex+11 Stlth-} (Trog gifted it to you on level 7 of the Lair of Beasts)
 19829 | Lair:8   | Entered Level 8 of the Lair of Beasts
 20457 | Lair:8   | Reached skill level 15 in Armour
 20465 | Lair:8   | Reached XP level 15. HP: 100/141 MP: 11/15
 21766 | Lair:8   | Upgraded the game from 0.17-a0-777-g32247ce to 0.17-a0-896-g249456b
 22127 | D:11     | Received a gift from Trog
 22334 | D:11     | Noticed Josephine
 22338 | D:11     | Killed Josephine
 22517 | D:11     | Got an ancient robe
 23074 | D:12     | Received a gift from Trog
 23690 | D:13     | Found a gate to the Vaults.
 23767 | D:13     | Got a shadowed robe
 23854 | D:13     | Found Ysiumnos's Book Shoppe.
 24480 | D:14     | Reached XP level 16. HP: 138/149 MP: 14/16
 24885 | D:15     | Entered Level 15 of the Dungeon
 25094 | D:15     | Found Xoimnauq's Assorted Antiques.
 25102 | D:15     | Bought a vibrating platinum ring for 115 gold pieces
 25102 | D:15     | Bought a scintillating ivory ring for 115 gold pieces
 25111 | D:15     | Identified the ring of Free Will {rN+ MR+} (You bought it in a shop on level 15 of the Dungeon)
 25113 | D:15     | Identified the cursed ring of Brilliance {rN+ Str-5 Int-4 SInv} (You bought it in a shop on level 15 of the Dungeon)
 25124 | D:15     | Identified the cursed +0 robe "Xofouh" {rF+} (You found it on level 11 of the Dungeon)
 25145 | D:15     | Identified the +0 robe of the Bulwark {Int+2} (You found it on level 13 of the Dungeon)
 25247 | D:15     | Received a gift from Trog
 25683 | D:15     | Noticed Rupert
 25700 | D:15     | Killed Rupert
 26193 | D:15     | Found a staircase to the Depths.
 26600 | Orc:1    | Entered Level 1 of the Orcish Mines
 26600 | Orc:1    | Found Efeas's General Store.
 26623 | Orc:1    | Bought a potion of degeneration for 14 gold pieces
 26649 | Orc:1    | Noticed Fannar
 26673 | Orc:1    | Killed Fannar
 26855 | Orc:1    | Found a bloodstained altar of Trog.
 27129 | Orc:1    | Noticed Urug
 27142 | Orc:1    | Killed Urug
 27708 | Orc:3    | Received a gift from Trog
 27710 | Orc:3    | Got a brightly glowing executioner's axe {god gift}
 27724 | Orc:3    | Identified the +2 executioner's axe of Amortisation {chop, rC++} (Trog gifted it to you on level 3 of the Orcish Mines)
 28031 | Orc:3    | Received a gift from Trog
 28265 | Orc:4    | Entered Level 4 of the Orcish Mines
 28266 | Orc:4    | Found Camurif's Jewellery Shop.
 28335 | Orc:4    | Found Uvuop's General Store.
 28495 | Orc:4    | Found Xuomag's Antique Weapon Shoppe.
 28707 | Orc:4    | Found Tolipt's Tempting Trifles.
 28731 | Orc:4    | Found Remoh's Book Boutique.
 28866 | Orc:4    | Found a staircase to the Elven Halls.
 28882 | Orc:4    | Found Hytilek's Antique Armour Shop.
 28905 | Orc:4    | Bought a glowing chain mail for 85 gold pieces
 29234 | Orc:4    | Found Nehatimo's Gadget Boutique.
 29387 | Orc:4    | Bought a +5 ring of slaying for 1819 gold pieces
 29408 | Orc:4    | Upgraded the game from 0.17-a0-896-g249456b to 0.17-a0-1011-gfa70bdd
 29653 | Shoals:1 | Entered Level 1 of the Shoals
 29679 | Shoals:1 | Received a gift from Trog
 30052 | Shoals:1 | Noticed Nikola
 30100 | Shoals:1 | HP: 2/155 [sea snake (8)]
 30133 | Shoals:1 | Killed Nikola
 30628 | Shoals:1 | Reached XP level 17. HP: 128/166 MP: 17/17
 31786 | Shoals:3 | Received a gift from Trog
 32200 | Shoals:3 | HP: 3/170 [drowned by a water nymph (6)]
 32636 | Shoals:3 | Noticed Jorgrun
 32652 | Shoals:2 | Killed Jorgrun
 33589 | Shoals:3 | Received a gift from Trog
 33810 | Shoals:3 | Got an iridescent falchion
 35128 | Shoals:4 | Reached XP level 18. HP: 99/182 MP: 12/18
 35406 | Shoals:4 | Found a runed door.
 35963 | Shoals:4 | Reached skill level 22 in Fighting
 36259 | Shoals:5 | Entered Level 5 of the Shoals
 36259 | Shoals:5 | Found Exeseosch's Weapon Shop.
 36316 | Shoals:5 | Noticed Roxanne
 37291 | Shoals:5 | Noticed Ilsuiw
 37315 | Shoals:5 | Killed Ilsuiw
 37970 | Shoals:5 | Got a barnacled rune of Zot
 38034 | Shoals:5 | HP: 3/184 [satyr/arrow of flame (17)]
 38034 | Shoals:5 | Shot with an arrow of flame by a satyr

Vault maps used:
D:1:      matt_arrival_diagonals, minmay_misc_feat_room,
          wad_floor_pattern_untrapped, hex_tiny
D:2:      grunt_qazlal_clouds, st_stairs_7
D:3:      first_bread, trog_three_pillars_becter, uniq_sigmund
D:4:      nemelex_deck, grunt_temple_overflow_octagram,
          nicolae_ru_great_annihilating_truth, uniq_crazy_yiuf_cottage,
          uniq_duvessa, uniq_grinder
D:5:      lightli_temple_of_fire, serial_shops, shop, uniq_menkaure, uniq_pikel
D:7:      yredelemnul_altar_generic, lemuel_doored_altar, temple_doors_e,
          basic_altar
D:8:      serial_shops, nicolae_shop_temple_entry_statues_fountains,
          hangedman_tree_tricks, tgw_fedhas, uniq_erica, uniq_joseph
D:9:      lemuel_old_faithful, uniq_maurice
D:10:     david_lair_shrubbed, orc_david_3
D:11:     uniq_josephine
D:12:     serial_curves, eino_curves_02, eino_curves_04
D:13:     lightli_vaults_fourway_checkpoint, serial_shops, shop
D:14:     nicolae_two_hexagons
D:15:     grunt_enter_depths_hoard, serial_shops, shop, uniq_rupert
Lair:1:   portal_ice_cave_entry_imps, special_room
Lair:2:   nicolae_volcano_entry_lava_flow, beast_lair_carwin_10, uniq_harold
Lair:4:   shoals_dummy_entry, guppyfry_snake_entry_garden,
          grunt_forest_large_clearings, infiniplex_staircase_pool,
          lemuel_fruit_tree, uniq_snorg
Lair:5:   grunt_megastairs_3
Lair:6:   elwin_shoals_entry_rooms, slime_dummy, st_stairs_12,
          grunt_forest_large_clearing_hut
Lair:7:   serial_bayou_shore_b
Lair:8:   due_jungle_book, grunt_forest_small_clearing_treed,
          serial_bayou_shore_b
Shoals:1: uniq_nikola
Shoals:3: cheibrodos_shoals_oceanic_diplomacy, st_sunken_huts, uniq_jorgrun
Shoals:4: lightli_airlock
Shoals:5: serial_shops, nicolae_shop_statue_plus, shoals_end_hangedman,
          shoal_ilsuiw, uniq_ilsuiw, uniq_roxanne
Orc:1:    serial_shops, nicolae_shop_stone, trog_book, uniq_urug, uniq_fannar
Orc:3:    nicolae_orc_pool_cavern
Orc:4:    grunt_orc_gardens, grunt_orc_garden, grunt_orc_garden,
          grunt_orc_garden, grunt_orc_garden, special_room, serial_shops, shop,
          shop_statue, nicolae_alphabet_shops
IceCv:    ice_cave_caverns_02
Volcano:  volcano_tomb

Action                   |  1- 3 |  4- 6 |  7- 9 | 10-12 | 13-15 | 16-18 || total
-------------------------+-------+-------+-------+-------+-------+-------++-------
Melee: Hand axe          |   163 |   101 |   273 |       |       |       ||   537
       War axe           |       |    61 |   187 |       |       |       ||   248
       Broad axe         |       |       |    14 |   501 |   171 |     6 ||   692
       Executioner's axe |       |       |       |       |   806 |  1120 ||  1926
Throw: Javelin           |       |     1 |    13 |     3 |       |       ||    17
Invok: Berserk           |       |     3 |     8 |     6 |     4 |     9 ||    30
       Trog's Hand       |       |       |       |       |       |     1 ||     1
       Brothers in Arms  |       |       |       |       |       |     1 ||     1
Evoke: Wand              |       |       |     4 |     6 |     4 |     5 ||    19
  Use: Scroll            |       |     4 |     5 |     3 |    10 |    13 ||    35
       Potion            |       |       |       |       |     1 |     9 ||    10
 Stab: Paralysed         |       |     1 |       |       |       |       ||     1
       Invisible         |       |       |       |       |       |     2 ||     2
       Distracted        |       |       |       |       |       |     1 ||     1
  Eat: Chunk             |     2 |     8 |    23 |    24 |    42 |    44 ||   143
       Meat ration       |       |       |       |       |       |     1 ||     1
       Bread ration      |       |       |       |       |       |     1 ||     1
